[Event "Early-Titled-Tuesday-Blitz-February-13-2024"]
[Site "Chess.com"]
[Date "2024.02.13"]
[Round "9"]
[White "SmirnovTimofey2000"]
[Black "NM_Antelacus"]
[Result "0-1"]
[WhiteElo "1980"]
[BlackElo "2249"]
[TimeControl "180+1"]
[EndTime "9:49:05 PST"]
[Termination "NM_Antelacus won on time"]

1. e4 c5 2. c3 d5 3. exd5 Qxd5 4. d4 Nc6 5. Nf3 Bg4 6. dxc5 Qxd1+ 7. Kxd1 e5 8. b4 e4 9. h3 Bxf3+ 10. gxf3 exf3 11. Bb5 O-O-O+ 12. Kc2 Nf6 13. Bg5 Be7 14. Nd2 Rd5 15. Nxf3 Rf5 16. Bxc6 bxc6 17. Bxf6 Bxf6 18. Nd4 Rxf2+ 19.
Kb3 Kc7 20. Raf1 Rxf1 21. Rxf1 Rd8 22. Kc4 Re8 23. Rf2 Re4 24. Kd3 Rh4 25. Rf3 Kd7 26. Nf5 Rh5 27. Nd6 Ke6 28. Re3+ Kd7 29. c4 Bg5 30.
Rf3 f6 31. a4 a6 32. b5 axb5 33. cxb5 cxb5 34. axb5 Rh4 35. Nf5 Rb4 36. b6 g6 37.
Nd6 Kc6 38. b7 f5 39. Kc3 Rb1 40. Rf2 Bf6+ 41. Kc2 Rb2+ 42. Kd3 Rb4 43. Nc4 Kxb7 44. Rb2 Rxb2 45. Nxb2 Bxb2 46. Kc4 Kc6 47. Kd3 Ba3 48. Kc4 Bxc5 49. Kd3 Kd5 50. Ke2 Ke4 51. Kf1 f4 52. Kg2 f3+ 53. Kf1 Ke3 54. h4 f2 55.
h5 gxh5 56. Kg2 Ke2 0-1

[Event "Early-Titled-Tuesday-Blitz-February-13-2024"]
[Site "Chess.com"]
[Date "2024.02.13"]
[Round "9"]
[White "SashaKuzhilniy"]
[Black "sokidze"]
[Result "0-1"]
[WhiteElo "2599"]
[BlackElo "2818"]
[TimeControl "180+1"]
[EndTime "9:49:07 PST"]
[Termination "sokidze won on time"]

1. e4 c6 2. d4 d5 3. exd5 cxd5 4. Bd3 Nc6 5. c3 Nf6 6. h3 e5 7. dxe5 Nxe5 8. Nf3 Nxd3+ 9. Qxd3 Bd6 10. O-O O-O 11.
Bg5 h6 12. Bh4 g5 13. Bg3 Bxg3 14. fxg3 g4 15. hxg4 Nxg4 16. Nbd2 Re8 17. Rae1 Qb6+ 18. Qd4 Qxd4+ 19. Nxd4 Bd7 20. N2f3 f6 21. Nh2 Kg7 22.
Nxg4 Bxg4 23. Kf2 Re5 24. Re3 Rae8 25. Rfe1 a6 26. Nf3 Bxf3 27. gxf3 h5 28. a4 b6 29. f4 Re4 30. Rxe4 Rxe4 31. Ra1 d4 32. a5 dxc3 33. bxc3 b5 34. Rd1 Ra4 35. Rd5 Kg6 36. Kg2 Rxa5 37. Kh3 Ra2 38. Rd6 a5 39. Rb6 Rb2 40. Ra6 a4 41. c4 bxc4 42. Rxa4 c3 43. Ra5 Rd2 44. Rc5 c2 45. Rc7 Kf5 46. Rc4 Ke6 0-1

[Event "Early-Titled-Tuesday-Blitz-February-13-2024"]
[Site "Chess.com"]
[Date "2024.02.13"]
[Round "9"]
[White "ErikRonka"]
[Black "DamianoLew95"]
[Result "0-1"]
[WhiteElo "2548"]
[BlackElo "2729"]
[TimeControl "180+1"]
[EndTime "9:49:08 PST"]
[Termination "DamianoLew95 won by resignation"]

1. e4 c5 2. Nf3 d6 3. d4 cxd4 4. Nxd4 Nf6 5. Nc3 Nc6 6. Bg5 e6 7. Qd2 a6 8. O-O-O Bd7 9. f4 b5 10. Bxf6 gxf6 11. Kb1 Qb6 12. Nxc6 Bxc6 13. f5 b4 14. Ne2 e5 15. Ng3 h5 16. h4 Qc5 17.
Qe2 Ke7 18. Nxh5 a5 19. g4 Rxh5 20. gxh5 Bh6 21. Rh3 Rc8 22. Rhd3 Bxe4 23. Bg2 Bxf5 24. b3 Bxd3 25. Qxd3 Rg8 26. Bd5 Rg4 27. Qa6 Qc7 28.
a4 bxa3 29. Bc4 Rxh4 30. Qb5 Rxc4 31. bxc4 f5 32. Rd5 f4 33. c5 dxc5 34. Rxc5 Qd6 35. Rxe5+ Kf6 36. Rc5 Kg7 37. Ka2 Qd4 38. Rc4 Qf6 39. Qb3 f3 40. Rg4+ Bg5 41. Rxg5+ Qxg5 42. Qxf3 Qc5 43. Qg4+ Kf8 44. Qe4 Qb4 45. Qe5 Qb2+ 46. Qxb2 axb2 47. Kxb2 Kg7 48. Ka3 f5 49. Ka4 f4 50.
Kxa5 f3 51. c4 f2 52. c5 f1=Q 53. Kb6 Qf8 54. Kb7 Qe7+ 55. Kb6 Qd8+ 56. Kb7 Qd7+ 57. Kb6 Qc8 58. c6 Kh6 0-1

[Event "Early-Titled-Tuesday-Blitz-February-13-2024"]
[Site "Chess.com"]
[Date "2024.02.13"]
[Round "9"]
[White "Suleyman_Chess06"]
[Black "JonasEilenberg"]
[Result "1-0"]
[WhiteElo "2756"]
[BlackElo "2594"]
[TimeControl "180+1"]
[EndTime "9:49:08 PST"]
[Termination "Suleyman_Chess06 won on time"]

1. Nf3 d5 2. g3 Nc6 3. d4 Bf5 4. Bg2 e6 5. O-O Qd7 6. c4 dxc4 7. Nc3 O-O-O 8. Qa4 Kb8 9. Qxc4 Nf6 10. Bf4 Ne4 11. Rfd1 f6 12. d5 Na5 13. Qb5 Qxb5 14.
Nxb5 e5 15. Be3 a6 16. Nc3 Nxc3 17. bxc3 Nc4 18. Bc1 Bc5 19. Nd2 Bc2 20. Re1 Nxd2 21.
Bxd2 c6 22. e4 cxd5 23. exd5 Rd6 24. c4 Rc8 25. Rac1 Bd3 26. Rc3 Bf5 27. Rb3 b6 28.
Bf1 Ka7 29. Be3 Bc2 30. Rb2 Bf5 31. Kg2 Be4+ 32. f3 Bg6 33. Kf2 Bxe3+ 34. Rxe3 Rc5 35. f4 e4 36. g4 f5 37. gxf5 Bxf5 38. Rd2 g6 39.
Rd4 b5 40. Ra3 bxc4 41. Bxc4 h5 42. Ke3 Rc7 43. Be2 Rc1 44. Rda4 Rc5 45. Rxa6+ Rxa6 46. Rxa6+ Kb7 47. Rd6 Kc7 48. Rc6+ Rxc6 49. dxc6 Kxc6 50. Kd4 Kb6 51. Bc4 Ka5 52. Bd5 e3 53. Kxe3 Kb4 54.
Kd4 Ka3 55. h4 Bg4 56. Ke5 Bf5 57. Kf6 Bd3 58. Bf7 1-0

[Event "Early-Titled-Tuesday-Blitz-February-13-2024"]
[Site "Chess.com"]
[Date "2024.02.13"]
[Round "9"]
[White "HeroWilczek"]
[Black "rachidhuilda"]
[Result "1-0"]
[WhiteElo "2484"]
[BlackElo "2321"]
[TimeControl "180+1"]
[EndTime "9:49:08 PST"]
[Termination "HeroWilczek won by resignation"]

1. Nf3 d5 2. e3 Nf6 3. c4 c6 4. b3 g6 5. Bb2 Bg7 6. Be2 b6 7. O-O Bb7 8. Qc2 O-O 9. Rd1 e6 10.
d3 c5 11. Nbd2 Nc6 12. a3 Rc8 13. Rac1 Qe7 14. Qb1 Rfd8 15. h3 Nh5 16. Bxg7 Nxg7 17. cxd5 exd5 18. Qb2 Ne6 19. Ne5 Nxe5 20. Qxe5 Qc7 21.
Qxc7 Rxc7 22. Nf3 d4 23. e4 f6 24. g3 a5 25. h4 Kg7 26. Bf1 Nf8 27. b4 axb4 28. axb4 Ra8 29. bxc5 bxc5 30. Nxd4 Ra2 31. Nb5 Rc6 32. Bg2 Rb6 33. Nc3 Ra3 34. Nb1 Ra1 35.
Nd2 Rxc1 36. Rxc1 Ba6 37. Bf1 Rb2 38. Nf3 Ne6 39. Ra1 Bb5 40. Bh3 Nd4 41. Ra7+ Kg8 42. Nxd4 cxd4 43. Be6+ Kf8 44. Rxh7 Bxd3 45. Rf7+ Ke8 46.
Rxf6 Bxe4 47. g4 d3 48. g5 d2 49. Bg4 Rb1+ 50. Kh2 d1=Q 51. Bxd1 Rxd1 52. Re6+ Kf7 53.
Rxe4 Rd2 54. Kg3 Ra2 55. f3 Ra3 56. Rb4 Ra7 57. Rb6 Rc7 58. Kg4 Kg7 59. Rd6 Ra7 60.
f4 Rb7 61. h5 gxh5+ 62. Kxh5 Rb1 63. Kg4 Rb5 64. Rd7+ Kf8 65. f5 Ke8 66. Ra7 Rb4+ 67. Kh5 Rf4 68. Kg6 Rf1 69. f6 Rf2 70. Ra8+ Kd7 71. Kg7 1-0

[Event "Early-Titled-Tuesday-Blitz-February-13-2024"]
[Site "Chess.com"]
[Date "2024.02.13"]
[Round "9"]
[White "szefru"]
[Black "sewlins"]
[Result "0-1"]
[WhiteElo "2245"]
[BlackElo "2132"]
[TimeControl "180+1"]
[EndTime "9:49:09 PST"]
[Termination "sewlins won on time"]

1. e4 e6 2. d4 d5 3. Nd2 Be7 4.
e5 c5 5. c3 Nc6 6. Bb5 Nh6 7. f4 Nf5 8. Ndf3 cxd4 9. Bxc6+ bxc6 10. cxd4 c5 11. Ne2 cxd4 12. Nexd4 Nxd4 13. Qxd4 O-O 14.
O-O Ba6 15. Rd1 Be2 16. Re1 Bxf3 17. gxf3 Qc7 18. Kh1 Bc5 19. Qd3 g6 20. Bd2 Rfb8 21. b3 Qb6 22. Rac1 a5 23. Re2 a4 24. bxa4 Rxa4 25. f5 Rd4 26. Qc2 Rc4 27. Qd1 exf5 28. Rxc4 dxc4 29. e6 fxe6 30. Bc1 Bd4 31. Qc2 Rc8 32.
Kg2 e5 33. f4 Qc6+ 34. Kg3 e4 35. Rd2 Qc5 36. Re2 h5 37. Kh4 Qe7+ 38. Kh3 Qf6 39.
Rg2 Kh7 40. Qe2 Rc7 41. Bd2 c3 42. Bc1 c2 43. Qe1 Bb2 44. Qd2 Bxc1 45. Qxc1 Qc3+ 46.
Rg3 Qc4 47. Rg2 Qxa2 48. Rd2 Qb1 0-1

[Event "Early-Titled-Tuesday-Blitz-February-13-2024"]
[Site "Chess.com"]
[Date "2024.02.13"]
[Round "9"]
[White "scarabee43"]
[Black "shimastream"]
[Result "1/2-1/2"]
[WhiteElo "2874"]
[BlackElo "2991"]
[TimeControl "180+1"]
[EndTime "9:49:10 PST"]
[Termination "Game drawn by repetition"]

1. Nf3 d5 2. e3 Nc6 3. d4 e5 4. dxe5 Bg4 5. Be2 Nge7 6. b3 Qd7 7. Bb2 O-O-O 8. Nbd2 Rg8 9. O-O g5 10. c4 Be6 11.
Rc1 g4 12. Nd4 Nxe5 13. Nxe6 Qxe6 14. Qc2 N5c6 15. cxd5 Nxd5 16. Nc4 f5 17. Rfd1 Be7 18. Ne5 Ndb4 19. Qc4 Rxd1+ 20. Rxd1 Qxc4 21. Bxc4 Rg5 22. Be6+ Kb8 23. Nxc6+ Nxc6 24. Rd5 f4 25. Rxg5 Bxg5 26. exf4 Bxf4 27. Bxg4 Nb4 28. a3 Nd3 29. Bc3 Bd6 30. Bf5 Nf4 31. Bd2 Ne2+ 32. Kf1 Nd4 33. Bxh7 Nxb3 34. Bc3 Bxa3 35. g4 Be7 36. f4 Nc5 37. Bb4 a5 38. Bxa5 Ne6 39. Bd2 b5 40. Bg8 Nd4 41. Kg2 c5 42. f5 c4 43. Bc3 Nc6 44.
f6 Bf8 45. g5 b4 46. Bxb4 Bxb4 47. g6 Bc3 48. Bd5 Bxf6 49. Bxc6 c3 50. Be4 Kc7 51. Kf3 Kd6 52. Kg4 Ke7 53. Kh5 Bg7 54. Kg5 Kf8 55. h4 Bd4 56. h5 Be3+ 57. Kf6 Bd4+ 58. Kf5 Be3 59. Bc2 Kg7 60. Kg4 Bd2 61. Kf5 Bh6 62. Kg4 Bd2 63. Kf5 Bh6 64. Kg4 Bd2 1/2-1/2

[Event "Early-Titled-Tuesday-Blitz-February-13-2024"]
[Site "Chess.com"]
[Date "2024.02.13"]
[Round "9"]
[White "Ron_Weasley_Chess"]
[Black "Alexchess1984"]
[Result "1-0"]
[WhiteElo "2462"]
[BlackElo "2614"]
[TimeControl "180+1"]
[EndTime "9:49:10 PST"]
[Termination "Ron_Weasley_Chess won on time"]

1. Nf3 f5 2. g3 Nf6 3. Bg2 e6 4. O-O Be7 5. c4 O-O 6. Nc3 d6 7. d3 Qe8 8. b4 Qh5 9. e3 e5 10. Nd2 Qg6 11. f4 Ng4 12. Nd5 Bd8 13. h3 Nf6 14. g4 c6 15. Nxf6+ Bxf6 16. g5 Be7 17. Bb2 Be6 18. h4 Qe8 19. fxe5 dxe5 20. Bxe5 Bxb4 21. Nf3 Nd7 22. Bf4 Qe7 23. Nd4 Bd6 24. Qe2 Nc5 25.
Rae1 Rae8 26. Nb3 Nxb3 27. axb3 Bd7 28. Qf2 Bb4 29. Rd1 b5 30. d4 bxc4 31. bxc4 Bd6 32. d5 c5 33. Rfe1 Ba4 34. Ra1 Bb3 35. Qg3 Rd8 36.
Ra6 Bxf4 37. Qxf4 Qb7 38. Rc6 Qb4 39. Rc1 Qa3 40. Qf1 Ba4 41. Re6 Rde8 42. Ra1 Qc3 43.
Rxa4 Rxe6 44. dxe6 Qxe3+ 45. Qf2 Qe5 46. Rxa7 Rd8 47.
Bd5 Kh8 48. e7 Rb8 49. Rb7 Re8 50. Bc6 Rxe7 51. Rxe7 Qxe7 52. Qxf5 Qe1+ 53. Kg2 Qe2+ 54. Kg3 Qe1+ 55. Qf2 Qe5+ 56. Kg2 Qe7 57. Bd5 h6 58. g6 1-0

[Event "Early-Titled-Tuesday-Blitz-February-13-2024"]
[Site "Chess.com"]
[Date "2024.02.13"]
[Round "9"]
[White "Leonid_Starozhilov"]
[Black "santosalberto1987"]
[Result "0-1"]
[WhiteElo "2715"]
[BlackElo "2592"]
[TimeControl "180+1"]
[EndTime "9:49:11 PST"]
[Termination "santosalberto1987 won on time"]

1. e4 e6 2. d4 d5 3. e5 c5 4. c3 Qb6 5. Nf3 Nc6 6. a3 a5 7. Bd3 Bd7 8. Bc2 a4 9. O-O Nh6 10. Bxa4 Nxe5 11. Bxd7+ Nxd7 12. Bxh6 Qxb2 13. Nbd2 gxh6 14.
Rb1 Qxc3 15. Rxb7 cxd4 16. Qb1 Qa5 17. Rxd7 Kxd7 18. Qb7+ Kd6 19. Rc1 Ra6 20. Qb8+ Ke7 21. Rc7+ Kf6 22. Qd8+ Kg7 23. Qd7 Be7 24. Qxe7 Rf8 25.
g3 Qxa3 26. Qd7 Qd6 27. Nxd4 Qxd7 28. Rxd7 Kf6 29. f4 Ra2 30. N4f3 Rc8 31. Kf2 Rcc2 32. Ke2 Rcb2 33. Rc7 Rc2 34. Rb7 Rab2 35. Rd7 Ra2 36. h3 Rcb2 37. g4 Ra4 38. Ke3 Ra3+ 39. Ke2 Raa2 40.
Ke3 Ra3+ 41. Ke2 Rxf3 42. Kxf3 Rxd2 43. h4 Rd3+ 44. Kf2 Rd4 45. Kf3 Re4 46. g5+ hxg5 47. hxg5+ Kg6 48. Rd8 h6 49. Rg8+ Kh7 50. Rf8 hxg5 51.
Rxf7+ Kg6 52. Re7 gxf4 53. Kg4 Kf6 54. Re8 Ke5 55. Rf8 d4 56. Rd8 Re3 57. Re8 d3 0-1

[Event "Early-Titled-Tuesday-Blitz-February-13-2024"]
[Site "Chess.com"]
[Date "2024.02.13"]
[Round "9"]
[White "vladgoncharov"]
[Black "ProfessorChess101"]
[Result "0-1"]
[WhiteElo "2628"]
[BlackElo "2798"]
[TimeControl "180+1"]
[EndTime "9:49:13 PST"]
[Termination "ProfessorChess101 won on time"]

1. d4 Nf6 2. c4 e6 3. Nc3 d5 4. cxd5 exd5 5. Bg5 c6 6. e3 Be7 7. Bd3 Nbd7 8. Nge2 Nf8 9. O-O Ne6 10. Bh4 O-O 11. a3 a5 12. Rc1 b5 13. Nb1 Bb7 14. Nd2 Nd7 15. Bg3 Re8 16. Bb1 Ndf8 17. Qc2 Rc8 18.
Nf3 Qb6 19. Ne5 c5 20. Nd7 Qd8 21. Nxc5 Nxc5 22. dxc5 Bxc5 23. Qd3 Qb6 24. Rfd1 b4 25. axb4 axb4 26. Qd2 Ne6 27. Be5 Qd8 28. Bd4 Bd6 29. Ng3 Qh4 30. Rxc8 Rxc8 31. Bf5 Rc4 32. Bxe6 fxe6 33.
b3 Rc7 34. Rc1 Qd8 35. Rxc7 Qxc7 36. f4 Ba6 37. Kf2 Qa5 38. Qb2 Bf8 39. Nh5 Qa3 40. Ke1 Bd3 41. Kd2 Qxb2+ 42. Bxb2 Be4 43. Ng3 Bxg2 44. Be5 Kf7 45. Ne2 h6 46. Nd4 g5 47.
fxg5 hxg5 48. Nc6 Ke8 49. Nd4 Be4 50. Bf6 g4 51. Be5 Bf5 52. Ne2 Kd7 53. Nd4 Bc5 0-1

[Event "Early-Titled-Tuesday-Blitz-February-13-2024"]
[Site "Chess.com"]
[Date "2024.02.13"]
[Round "9"]
[White "Yaacovn"]
[Black "Evgeny81"]
[Result "0-1"]
[WhiteElo "2920"]
[BlackElo "2760"]
[TimeControl "180+1"]
[EndTime "9:49:14 PST"]
[Termination "Evgeny81 won by checkmate"]

1. d4 c5 2. c3 e6 3. Nf3 Nf6 4. Bf4 d5 5. e3 Bd6 6. Bg3 O-O 7.
Nbd2 Qc7 8. Rc1 Nbd7 9. c4 b6 10. cxd5 exd5 11. Bb5 Bb7 12. Qc2 Rac8 13. O-O Bxg3 14.
hxg3 Qd6 15. Qf5 Rc7 16. Ne5 g6 17. Qf4 Nh5 18. Qh4 Nxe5 19. dxe5 Qxe5 20. b3 Kg7 21.
Nf3 Qf6 22. Qa4 a6 23. Be2 Kg8 24. g4 Ng7 25. g5 Qe7 26. Qf4 Re8 27. Rfd1 Ne6 28.
Qe5 Rd7 29. a3 Nf8 30. Qg3 Qd6 31. Qh4 d4 32. Nh2 Rde7 33. Ng4 Nd7 34. Bf1 Re4 35. exd4 Rxd4 36. Nh6+ Kg7 37. Rxd4 cxd4 38. Rd1 Re4 39. Qh2 Ne5 40. f3 Re3 41. Kh1 Rxf3 42. Re1 Re3 43. Rd1 Be4 44. Qf4 Rh3+ 45. Kg1 Re3 46. Qxe3 Nf3+ 47.
Kf2 dxe3+ 48. Kxe3 Qxd1 49. gxf3 Qe1+ 50. Be2 Bd5 51. Ng4 Be6 52. Nf6 Kf8 53. Ne8 Kxe8 54.
Kd3 Qb1+ 55. Ke3 Qxb3+ 56. Kf2 Qxa3 57. f4 Qc5+ 58. Kg3 Bf5 59. Bg4 Qe3+ 60. Kh4 Bxg4 61.
f5 Qh3# 0-1

[Event "Early-Titled-Tuesday-Blitz-February-13-2024"]
[Site "Chess.com"]
[Date "2024.02.13"]
[Round "9"]
[White "Som2310"]
[Black "Jospem"]
[Result "0-1"]
[WhiteElo "2804"]
[BlackElo "3037"]
[TimeControl "180+1"]
[EndTime "9:49:15 PST"]
[Termination "Jospem won by resignation"]

1. e4 c5 2. Nf3 d6 3. d4 cxd4 4. Nxd4 a6 5. c4 e6 6. Nc3 Nf6 7. Be2 b6 8. O-O Bb7 9. f3 Nbd7 10. Be3 Be7 11. Qd2 O-O 12. Rfd1 Qc7 13. Rac1 Rac8 14. Bf1 Qb8 15. Qf2 Rfe8 16. a3 Bd8 17. b4 Bc7 18.
g3 h5 19. Bg5 Nh7 20. Be3 Nhf6 21. Bg5 Nh7 22. Be3 h4 23. gxh4 Ndf6 24. Bh3 Rcd8 25. Bg5 g6 26. Nce2 d5 27. exd5 exd5 28. c5 bxc5 29.
bxc5 Nxg5 30. hxg5 Nh5 31. Rb1 Qa8 32. Rdc1 Bc8 33.
Bxc8 Qxc8 34. Rc3 Nf4 35. Nxf4 Bxf4 36. c6 Qc7 37. Rb7 Qe5 38. c7 Rc8 39. Kf1 Qxg5 40.
Ne2 Be3 41. Qg3 Qf6 42. Rb8 Bb6 43. Rxc8 Rxc8 44. Qf4 Qe7 45. Qd2 Bxc7 46. Qxd5 Rd8 47. Qe4 Rd1+ 48. Kg2 Qg5+ 49. Qg4 Qe5 50. f4 Qe7 51.
Qc8+ Rd8 52. Qg4 Kg7 53. Qf3 Rd2 54. Re3 Qd6 55. Re4 Qc5 56. Re3 Bb6 57. Re5 Qc2 58. Re4 Rd3 59. Qg4 Rd5 60. Qf3 Qc5 61. f5 Rxf5 62.
Qg3 Rf2+ 63. Kh3 Qf5+ 64. Qg4 Qxg4+ 0-1

[Event "Early-Titled-Tuesday-Blitz-February-13-2024"]
[Site "Chess.com"]
[Date "2024.02.13"]
[Round "9"]
[White "Der_Balak_3Halak"]
[Black "SahibSinghKnight"]
[Result "0-1"]
[WhiteElo "2443"]
[BlackElo "2599"]
[TimeControl "180+1"]
[EndTime "9:49:16 PST"]
[Termination "SahibSinghKnight won by resignation"]

1. Nf3 d5 2. g3 Nd7 3. d4 Nb6 4. Bg2 Nf6 5. O-O h6 6. b3 a5 7. a4 Bf5 8. Nbd2 e6 9. Bb2 Bh7 10. Ne5 Nbd7 11. c4 c6 12. Ndf3 Bd6 13. Rc1 O-O 14.
e3 Re8 15. Qe2 Bxe5 16. Nxe5 Nxe5 17. dxe5 Nd7 18. e4 Qb6 19. exd5 cxd5 20. cxd5 Qxb3 21.
Rfd1 Nb6 22. d6 Nxa4 23. Bd4 Rad8 24. Be4 Bxe4 25. Qxe4 Qd5 26. Qxd5 exd5 27. Rc7 b5 28. f4 b4 29. Ra1 Nc3 30. Bxc3 bxc3 31. Rxc3 f6 32.
Re3 fxe5 33. fxe5 Kf7 34. Kf2 Ke6 35. Rxa5 Rf8+ 36. Ke2 Rf5 37. Ra7 d4 38. Re7+ Kd5 39. Rd3 Rxe5+ 40. Rxe5+ Kxe5 41. Kf3 Rxd6 42. Rb3 Rf6+ 43. Ke2 Ke4 44. Ra3 Rb6 45. Ra2 Rb3 46. Rd2 Re3+ 47. Kf2 Rf3+ 48. Ke2 d3+ 49. Ke1 Ke3 50.
Rd1 Rf8 51. Ra1 Rb8 52. Rd1 Rb2 53. h4 Rh2 54. Kf1 Rh1+ 55. Kg2 Rxd1 56. Kh3 Re1 57. Kg4 d2 0-1

[Event "Early-Titled-Tuesday-Blitz-February-13-2024"]
[Site "Chess.com"]
[Date "2024.02.13"]
[Round "9"]
[White "FMStan15"]
[Black "johnmez"]
[Result "0-1"]
[WhiteElo "2034"]
[BlackElo "2277"]
[TimeControl "180+1"]
[EndTime "9:49:16 PST"]
[Termination "johnmez won by checkmate"]

1. e4 c5 2. c3 d5 3. e5 Nc6 4. d4 cxd4 5. cxd4 Qb6 6. Ne2 e6 7. Nbc3 Nge7 8. Qd3 Nf5 9. Be3 Bd7 10. Rb1 Bb4 11. g4 Nxe3 12. Qxe3 Na5 13. Bg2 Nc4 14.
Qc1 Rc8 15. O-O O-O 16. Rd1 Bb5 17.
Nxb5 Qxb5 18. Nc3 Qa6 19. Rd3 Nxb2 20. Rh3 Nd3 21. Qg5 Bxc3 22. Qh5 h6 23. Rf3 Qxa2 24. Rf1 Qd2 25. h4 Nf4 26. Rxf4 Qxf4 27. g5 Bxd4 28. gxh6 Qxh6 29. Qg4 Bxe5 30. f4 Bd4+ 31. Kh1 Bf6 32. h5 Rc2 33. Bf3 Rfc8 34. Bd1 Rd2 35. Rg1 Rc3 36.
Rf1 Rdd3 37. Rg1 Rh3+ 38. Kg2 Rcg3+ 39. Qxg3 Rxg3+ 40. Kxg3 e5 41. fxe5 Bxe5+ 42. Kf2 Bd4+ 43. Kg2 Bxg1 44. Kxg1 Qd2 45. Bf3 Qe3+ 46. Kg2 d4 47. Bg4 d3 48. h6 Qxh6 49. Bf3 d2 50. Kf2 Qf4 51. Ke2 Qxf3+ 52. Kxf3 d1=Q+ 53. Ke4 Qc1 54. Kf5 b5 55. Kg4 b4 56. Kh3 b3 57. Kg2 b2 58. Kf3 b1=Q 59. Kg4 Qe4+ 60. Kh3 Qch1+ 61.
Kg3 Qg1+ 62. Kh3 Qh7# 0-1

[Event "Early-Titled-Tuesday-Blitz-February-13-2024"]
[Site "Chess.com"]
[Date "2024.02.13"]
[Round "9"]
[White "Anton_Demchenko"]
[Black "Hikaru"]
[Result "0-1"]
[WhiteElo "2952"]
[BlackElo "3365"]
[TimeControl "180+1"]
[EndTime "9:49:17 PST"]
[Termination "Hikaru won by resignation"]

1. e4 c5 2. Nf3 e6 3. g3 g6 4. d4 cxd4 5. Nxd4 a6 6. Bg2 Bg7 7. O-O Ne7 8. c4 d6 9. Nc3 O-O 10. Be3 e5 11. Nc2 Be6 12. b3 Nbc6 13. Qd2 f5 14. f3 f4 15. Bf2 Qd7 16. Rad1 Rad8 17. Bb6 Rde8 18. Bc5 Nc8 19. Bxd6 Nxd6 20. Qxd6 Qc8 21.
Qd2 g5 22. g4 h5 23. h3 Rf7 24. Nd5 Bf8 25. b4 Bxd5 26. cxd5 Nxb4 27. Nxb4 Qc5+ 28.
Rf2 Qxb4 29. Qxb4 Bxb4 30. Rc2 b6 31. Bf1 Bc5+ 32. Kg2 hxg4 33. hxg4 Ra7 34. d6 Rd8 35. Rd5 Bxd6 36. Rc6 Be7 37. Rxd8+ Bxd8 38. Bc4+ Kf8 39. a4 b5 40. axb5 axb5 41. Bxb5 Ra2+ 42. Kf1 Rb2 43. Bd3 Bb6 44. Rc2 Rb3 45. Ke2 Ke7 46. Ra2 Bd4 47. Ra6 Rb2+ 48. Kd1 Be3 49. Bc4 Bb6 50. Kc1 Rb4 51. Bd5 Kd6 52. Kc2 Kc7 53. Kc3 Rb1 54. Ra4 Rf1 55. Rc4+ Kd7 56. Rc6 Rxf3+ 57. Kc4 Bd4 58. Rg6 Rc3+ 59. Kb4 f3 60. Rxg5 f2 61. Rf5 Rg3 62. g5 Rxg5 63. Rf3 Rg1 64. Bc4 Re1 65. Bd3 Kd6 66. Kc4 Rc1+ 67. Kb4 Rc3 68. Rf6+ Ke7 69. Rf3 Rxd3 70. Rxd3 f1=Q 0-1

[Event "Early-Titled-Tuesday-Blitz-February-13-2024"]
[Site "Chess.com"]
[Date "2024.02.13"]
[Round "9"]
[White "KaterynaLagno"]
[Black "ChristopherYoo"]
[Result "0-1"]
[WhiteElo "2799"]
[BlackElo "2969"]
[TimeControl "180+1"]
[EndTime "9:49:18 PST"]
[Termination "ChristopherYoo won by checkmate"]

1. e4 c5 2. Nf3 e6 3. d4 cxd4 4.
Nxd4 Nc6 5. Nc3 Qc7 6. Nxc6 bxc6 7. Bd3 d5 8. Qe2 Nf6 9. O-O Be7 10. exd5 cxd5 11.
Nb5 Qb6 12. Be3 Bc5 13. b4 Bxe3 14. fxe3 Bd7 15. c4 Bxb5 16. cxb5 O-O 17. a4 Rfc8 18. a5 Qd6 19. Qb2 Ng4 20. Rf4 Nxe3 21. Rf3 d4 22. Be4 Rab8 23. b6 a6 24. Bd3 Qd5 25. Rxe3 dxe3 26.
Bxa6 Rd8 27. Be2 Qg5 28. Bf3 Rd2 29. Qc3 e2 30. Re1 Rbd8 31. Bxe2 Qh4 32. Qg3 Qxb4 33. Bf3 Qxa5 34. b7 Qb6+ 35. Kh1 R2d3 36. Rf1 Rb3 37. Qf4 Rb1 38. Qc4 Rxf1+ 39. Qxf1 g6 40. h3 h5 41. Qa1 Qc7 42. Qf6 Rb8 43. Qb2 Qd6 44. Qb5 e5 45. Bd5 Rd8 46. Qc4 Kg7 47. Bxf7 e4 48. Bd5 e3 49. Bf3 Re8 50. Qc3+ Kh7 51.
Be2 Qb8 52. Qb3 Re7 53. Bf3 e2 54. Bxe2 Rxe2 55. Qf7+ Kh6 56. Qd7 Re1# 0-1

[Event "Early-Titled-Tuesday-Blitz-February-13-2024"]
[Site "Chess.com"]
[Date "2024.02.13"]
[Round "9"]
[White "Lady_Nika"]
[Black "masterofpuppets2"]
[Result "0-1"]
[WhiteElo "2576"]
[BlackElo "2458"]
[TimeControl "180+1"]
[EndTime "9:49:18 PST"]
[Termination "masterofpuppets2 won on time"]

1. d4 Nf6 2. e3 d5 3. f4 e6 4. Nf3 Be7 5. c3 b6 6. Bd3 Bb7 7. Nbd2 Ne4 8. Ne5 g6 9. Nxe4 dxe4 10.
Bb5+ c6 11. Be2 f6 12. Ng4 h5 13. Nf2 c5 14. Bb5+ Kf7 15. O-O a6 16. Ba4 cxd4 17.
cxd4 b5 18. Bc2 f5 19. a3 Nd7 20. b4 Nb6 21. Bb3 Bd5 22. Bb2 Rc8 23. Bxd5 Qxd5 24. Qe2 Rc4 25. Rac1 Rhc8 26. Rxc4 Rxc4 27. Rc1 Na4 28.
Nd1 Rxc1 29. Bxc1 Qb3 30. Qd2 Nb6 31. Nc3 Nc4 32. Qe1 Bf6 33. Bd2 Qxa3 34. d5 Nxd2 35.
dxe6+ Kxe6 36. Qxd2 Qxc3 37. Qa2+ Ke7 38. h3 Qxe3+ 39. Kh1 Qc1+ 40. Kh2 Qxf4+ 41. g3 Qd6 42. Qg8 Kd7 43. Qxg6 Qe6 44. Qxh5 e3 45. Qd1+ Ke7 46. Qe2 Bd4 47. Kg2 Qc4 48. Qh5 Qc2+ 49. Kh1 e2 50. Qh7+ Kd6 51. Qg6+ Kd5 52. Qf7+ Ke4 53. Qe6+ Be5 0-1

[Event "Early-Titled-Tuesday-Blitz-February-13-2024"]
[Site "Chess.com"]
[Date "2024.02.13"]
[Round "9"]
[White "Msb2"]
[Black "alexrustemov"]
[Result "1-0"]
[WhiteElo "3002"]
[BlackElo "2837"]
[TimeControl "180+1"]
[EndTime "9:49:19 PST"]
[Termination "Msb2 won by resignation"]

1. d4 d5 2. c4 dxc4 3. e4 Nf6 4.
e5 Nd5 5. Bxc4 Nb6 6. Bd3 Nc6 7. Be3 Be6 8. Nc3 Qd7 9. Nge2 O-O-O 10. a4 Nb4 11. a5 N6d5 12. a6 b6 13. Be4 c6 14.
O-O Bf5 15. Nxd5 Nxd5 16. Bxf5 Qxf5 17. Rc1 Qd7 18. Qa4 Kb8 19. e6 Qxe6 20. Rxc6 Qd7 21. Rfc1 e6 22. Rc8+ Qxc8 23. Rxc8+ Rxc8 24. Qd7 Rc7 25.
Qe8+ Rc8 26. Qxf7 Be7 27. Qxe6 Rhd8 28. h3 Bf6 29. Nf4 Nc7 30. Qe4 Nxa6 31. Nd5 Rc6 32. Ne7 Bxe7 33. Qxc6 Bd6 34. Bg5 Nb4 35. Qe4 Rd7 36.
Qxh7 a5 37. Qf5 Kc7 38. h4 Kc6 39. h5 b5 40. h6 gxh6 41. Bxh6 Nd5 42. Bf8 a4 43. Bxd6 Rxd6 44. Qc8+ Nc7 45. g4 Rxd4 46. g5 b4 47. Kf1 Rd6 48. Qf8 Ne6 49. Qf3+ Kd7 50. g6 a3 51. bxa3 bxa3 52. Qxa3 Rd5 53.
g7 Rg5 54. Qa7+ Kd6 55. Qb8+ Ke7 56. g8=Q Rxg8 57. Qxg8 Kf6 58. Qg3 Kf5 59. Kg2 Nf4+ 60. Kf3 Ne6 61. Qg4+ Ke5 62. Ke3 Kf6 63. f4 Ng7 64. Qg5+ Kf7 65. f5 Ne8 66. Qg6+ Ke7 67. Qe6+ Kf8 68. f6 1-0

[Event "Early-Titled-Tuesday-Blitz-February-13-2024"]
[Site "Chess.com"]
[Date "2024.02.13"]
[Round "9"]
[White "Orest_Vovk"]
[Black "Sychev_Klementy"]
[Result "0-1"]
[WhiteElo "2694"]
[BlackElo "2921"]
[TimeControl "180+1"]
[EndTime "9:49:19 PST"]
[Termination "Sychev_Klementy won by resignation"]

1. h4 e5 2. h5 h6 3. Nc3 Nf6 4. d4 exd4 5. Qxd4 Nc6 6. Qa4 d5 7. Bf4 Bb4 8. a3 Bxc3+ 9. bxc3 Ne4 10. Bd2 Qf6 11. Nf3 Bg4 12. Rb1 O-O 13. e3 Nxc3 14. Bxc3 Qxc3+ 15. Kd1 d4 16. Bd3 Ne5 17. Ke2 dxe3 18.
fxe3 Rfe8 19. Qe4 Nxd3 20. Qxd3 Qc6 21. Kf2 Rad8 22. Qe2 Bf5 23. Rb4 Qd6 24. Rd4 Qe7 25. Rhd1 Rxd4 26. Rxd4 c5 27. Rf4 Bh7 28. a4 b6 29. Qd2 Rd8 30. Qe2 Qd6 31. g3 Qd5 32.
e4 Qxh5 33. Kg2 Qg6 34. Ne5 Qe6 35. Nxf7 Re8 36. Qf2 Bg6 37. e5 a6 38. Nd6 Rd8 39. Nf5 Qxe5 40. Kh2 Bxf5 41. Rxf5 Qd4 42. Rf4 Qxf2+ 43.
Rxf2 Rd4 44. a5 bxa5 45. Re2 a4 46. Re6 Rc4 47. Rxa6 Rxc2+ 48. Kh3 Rc4 49. Ra8+ Kh7 50. g4 Kg6 51. Kh4 Kf6 52. Ra6+ Kf7 53. Ra7+ Kf6 54. Ra6+ Ke5 55. Ra7 Kd4 56. Rxg7 Kc3 57. Rg6 a3 58. Rxh6 Ra4 59. Ra6 Rxa6 0-1